 Dungeon Crawl Stone Soup version 0.22.0-27-ga576289 (webtiles) character file.

33 KLATTERAL the Grasshopper (level 3, -1/27 HPs)
             Began as a Demonspawn Warper on Aug 21, 2018.
             Slain by a goblin (4 damage)
             ... on level 2 of the Dungeon.
             The game lasted 00:07:14 (1504 turns).

KLATTERAL the Grasshopper (Demonspawn Warper)       Turns: 1504, Time: 00:07:14

Health: -1/27      AC:  3    Str: 11    XL:     3   Next: 12%
Magic:  2/6        EV:  8    Int: 14    God:
Gold:   73         SH:  3    Dex: 13    Spells: 4/6 levels left

rFire    . . .     SeeInvis .   a - +0 spear
rCold    . . .     Gourm    .   h - +0 buckler
rNeg     . . .     Faith    .   b - +0 leather armour
rPois    .         Spirit   .   (helmet restricted)
rElec    .         Reflect  .   (no cloak)
rCorr    .         Harm     .   (no gloves)
MR       +....                  (no boots)
Stlth    +.........             (no amulet)
HPRegen  0.09/turn              i - -3 ring of evasion (curse)
MPRegen  0.10/turn              m - ring of protection from magic

@: very slightly contaminated
A: antennae 1
a: no special abilities


You were on level 2 of the Dungeon.
You were not hungry.

You visited 1 branch of the dungeon, and saw 2 of its levels.

You collected 73 gold pieces.

Inventory:

Hand Weapons
 a - a +0 spear (weapon)
Missiles
 e - 5 tomahawks of dispersal (quivered)
Armour
 b - a +0 leather armour (worn)
 h - a +0 buckler (worn)
Jewellery
 i - a cursed -3 ring of evasion (left hand)
 m - a ring of protection from magic (right hand)
Scrolls
 c - a scroll of teleportation
 d - a scroll of blinking
 g - a scroll of remove curse {unknown}
 j - a scroll of magic mapping {unknown}
Potions
 k - a potion of curing {unknown}
 n - a potion of might {unknown}
Comestibles
 f - 3 rations


   Skills:
 + Level 2.2 Fighting
 + Level 2.0 Polearms
 - Level 0.8 Throwing
 + Level 1.3 Armour
 * Level 2.4 Dodging
 + Level 2.2 Spellcasting
 + Level 2.7 Translocations


You had 4 spell levels left.
You knew the following spells:

 Your Spells              Type           Power        Failure   Level  Hunger
a - Blink                 Tloc           N/A          26%         2    ###....

Your spell library contained the following spells:

 Spells                   Type           Power        Failure   Level  Hunger
 Shroud of Golubria       Chrm/Tloc      #.........   41%         2    ###....
 Gell's Gravitas          Tloc           #.........   45%         3    ###....
 Lesser Beckoning         Tloc           #.........   45%         3    ###....
 Teleport Other           Tloc           #.......     45%         3    ###....
 Passage of Golubria      Tloc           N/A          86%         4    #####..


Dungeon Overview and Level Annotations

Branches:
Dungeon (2/15)

Altars:
Cheibriados


Innate Abilities, Weirdness & Mutations

You have a pair of small antennae on your head.


Message History

You hit the worm but do no damage.
The worm is severely wounded.
The worm closely misses you.
You barely miss the worm.
The worm is severely wounded.
Casting: Blink (safe; 26% risk of failure)
Confirm with . or Enter, or press ? or * to list all spells.
You blink.
A goblin comes into view.
The goblin shouts!
Casting: Blink (safe; 26% risk of failure)
Confirm with . or Enter, or press ? or * to list all spells.
You blink.
You open the door.
There is an open door here.
You hit the goblin but do no damage. The goblin hits you.
* * * LOW HITPOINT WARNING * * *
You closely miss the goblin. The goblin hits you but does no damage.
The goblin hits you.
You die...

### #.. #.# #.# ####@####
#...g...########
#.......#.......
#....#####.............#
#.......#..............#......
#.......#......w.......#......
#.......#..............#......
#.............#..........#....
####...........#...8...........


You could see a worm and a goblin.

Vanquished Creatures
  A worm (D:2)
  A dart slug (D:2)
  3 leopard geckos
  5 goblins
  3 hobgoblins (D:1)
  8 kobolds
  A frilled lizard (D:2)
22 creatures vanquished.

Notes
Turn   | Place    | Note
-------+----------+-------------------------------------------
     0 | D:1      | KLATTERAL the Demonspawn Warper began the quest for the Orb.
     0 | D:1      | Reached XP level 1. HP: 16/16 MP: 3/3
   273 | D:1      | Gained mutation: You have a pair of small antennae on your head. [demonic ancestry]
   273 | D:1      | Reached XP level 2. HP: 7/22 MP: 5/5
   602 | D:1      | Learned a level 2 spell: Blink
   634 | D:1      | Reached skill level 1 in Armour
   885 | D:2      | Found a faded altar of an unknown god.
  1230 | D:2      | Reached XP level 3. HP: 25/27 MP: 6/6
  1279 | D:2      | Found a snail-covered altar of Cheibriados.
  1466 | D:1      | HP: 1/27 [worm (3)]
  1504 | D:2      | Slain by a goblin

Skill      XL: |  1  2  3 |
---------------+----------+-----
Dodging        | 2 |  2.4
Armour         | 1 |  1.3
Polearms       | 2 |  2.0
Fighting       | |  2.2
Throwing       | |  0.8
Spellcasting   | |  2.2
Translocations | |  2.7

Action                   || total
-------------------------++-------
Melee: Spear             ||   113
 Cast: Blink             ||     5
  Use: Scroll            ||     1
  Eat: Chunk             ||     2
Armor: Leather armour    ||    14
Dodge: Dodged            ||    60
Block: Buckler           ||     1
